[Event "Team 45 45 League T43"]
[Site "Internet Chess Club"]
[Date "2009.11.08"]
[Round "2"]
[White "charles-allen"]
[Black "Paulkov"]
[Result "0-1"]
[WhiteElo "1858"]
[BlackElo "2021"]
[Opening "KP: Nimzovich defense"]
[ECO "B00"]
[Time "12:00:25"]
[TimeControl "2700+45"]

1. e4 Nc6 2. Nc3 d6 3. d4 Nf6 4. Bc4 e6 5. d5 exd5 6. exd5 Ne5 7. Qe2 Be7 8.
Bb5+ Bd7 9. Bxd7+ Qxd7 10. Bf4 Ng6 11. Be3 O-O 12. O-O-O a6 13. h4 Ng4 14. Bg5
Rfe8 15. Qd2 Bxg5 16. hxg5 Qf5 17. Nf3 Qf4 18. Qxf4 Nxf4 19. Rd2 Ng6 20. Nd4
N4e5 21. Nf5 Ne7 22. Ne3 N7g6 23. Re2 b5 24. f3 b4 25. Ne4 Rab8 26. Rd1 a5 27.
Rd4 Nd7 28. Nc4 Nc5 29. Nxc5 Rxe2 {White resigns} 0-1

[Event "Team 45 45 League T43"]
[Site "Internet Chess Club"]
[Date "2009.11.05"]
[Round "2"]
[White "MeoPatacca"]
[Black "toolate"]
[Result "0-1"]
[WhiteElo "1850"]
[BlackElo "1811"]
[Opening "Queen's pawn, Mason variation"]
[ECO "D00"]
[Time "16:50:43"]
[TimeControl "2700+45"]

1. d4 d5 2. Bf4 Nc6 3. e3 Nf6 4. Nf3 h6 5. Nbd2 Nh5 6. Ne5 Nxf4 7. Nxc6 Nxg2+ 8.
Bxg2 bxc6 9. c4 e6 10. Qa4 Bd7 11. Qc2 Qg5 12. Kf1 Qf6 13. Nf3 Bc8 14. Qa4 Bb7
15. Ne5 Bd6 16. Nxc6 O-O 17. c5 Be7 18. Ne5 Qf5 19. c6 Bc8 20. Ke2 a5 21. a3
Ba6+ 22. Ke1 Rfb8 23. b4 axb4 24. Nd7 Qd3 25. Ra2 Qb1+ 26. Qd1 Qxa2 27. Nxb8
Rxb8 {White resigns} 0-1

[Event "Team 45 45 League T43"]
[Site "Internet Chess Club"]
[Date "2009.11.05"]
[Round "2"]
[White "MidasMulligan"]
[Black "Warpdrive"]
[Result "1-0"]
[WhiteElo "1642"]
[BlackElo "1618"]
[Opening "King's Indian: Four pawns attack"]
[ECO "E76"]
[Time "19:30:22"]
[TimeControl "2700+45"]

1. d4 Nf6 2. c4 g6 3. Nc3 Bg7 4. e4 d6 5. f4 O-O 6. Nf3 Nbd7 7. e5 dxe5 8. dxe5
Ne8 9. Be2 e6 10. h4 f6 11. h5 fxe5 12. hxg6 hxg6 13. fxe5 Qe7 14. Bg5 Qc5 15.
Qd2 Nxe5 16. Nxe5 Qf2+ 17. Kd1 Qxg2 18. Kc2 Bxe5 19. Rag1 Bxc3 20. bxc3 Qf2 21.
Be3 Qf6 22. Bd3 Ng7 23. Rxg6 Qf3 24. Rhg1 Rf7 25. Bh6 e5 26. Rxg7+ Rxg7 27.
Rxg7+ Kh8 28. Rh7+ Kg8 29. Qg5# {Black checkmated} 1-0

[Event "Team 45 45 League T43"]
[Site "Internet Chess Club"]
[Date "2009.11.08"]
[Round "2"]
[White "xt"]
[Black "BraafPaard"]
[Result "0-1"]
[WhiteElo "1506"]
[BlackElo "1577"]
[Opening "Scandinavian: Icelandic gambit"]
[ECO "B01"]
[Time "13:21:36"]
[TimeControl "2700+45"]

1. e4 d5 2. exd5 Nf6 3. c4 e6 4. dxe6 Bxe6 5. Nf3 Qe7 6. Nc3 Bxc4+ 7. Be2 Nc6 8.
O-O Bxe2 9. Nxe2 O-O-O 10. Re1 Qd7 11. a3 Bc5 12. Qc2 Bb6 13. b4 Rhe8 14. Bb2
Ng4 15. d4 g6 16. h3 Nh6 17. a4 Nxb4 18. Qc4 a5 19. Ne5 Qd5 20. Rad1 Qxc4 21.
Nxc4 Kb8 22. Nxb6 cxb6 23. Rd2 Rc8 24. Rc1 Rxc1+ 25. Bxc1 Rc8 26. Ba3 Nd5 27.
Bd6+ Ka7 28. Nf4 Nxf4 29. Bxf4 Nf5 30. d5 Rd8 31. Bc7 Rd7 32. d6 Ng7 33. Re2 Ne6
34. Rc2 Ka6 35. Kf1 b5 36. axb5+ Kxb5 37. Rb2+ Ka6 38. Rc2 b6 39. Rc6 Ka7 40.
Ke1 a4 41. Kd2 Kb7 42. Rxb6+ Ka7 43. Rb4 Nxc7 44. Rxa4+ Na6 45. Ke3 Rxd6 46. Rc4
Kb6 47. Rc8 h5 48. Rf8 Rd7 49. Kf4 Nc5 50. Kg3 Ne6 51. Rb8+ Kc5 52. Kh4 Rd4+ 53.
g4 g5+ 54. Kg3 h4+ 55. Kg2 Nf4+ 56. Kh2 Rd2 57. Rc8+ Kb6 58. Rb8+ Kc7 59. Rb5 f6
60. Rf5 Rxf2+ 61. Kg1 Nxh3+ 62. Kh1 Rxf5 63. gxf5 g4 {White resigns} 0-1

[Event "Team 45 45 League T43"]
[Site "Internet Chess Club"]
[Date "2009.11.07"]
[Round "2"]
[White "SneakyRed"]
[Black "CHESSISTA1"]
[Result "0-1"]
[WhiteElo "1852"]
[BlackElo "1799"]
[Opening "Giuoco Piano: close variation"]
[ECO "C53"]
[Time "16:24:22"]
[TimeControl "2700+45"]

1. e4 e5 2. Nf3 Nc6 3. Bc4 Bc5 4. c3 Qe7 5. O-O d6 6. d3 h6 7. Nbd2 Nf6 8. Re1
O-O 9. Nf1 Bb6 10. Ng3 Be6 11. Bb3 Kh7 12. Bc2 g6 13. h3 Ng8 14. d4 Bd7 15. a4
a6 16. Be3 Rad8 17. b4 exd4 18. Nxd4 Ne5 19. Bb3 a5 20. f4 Qh4 21. Nf1 Nc6 22.
b5 Nxd4 23. cxd4 Ne7 24. Qd2 Qf6 25. Ng3 Be6 26. d5 Qxf4 27. dxe6 Qxg3 28. exf7
Bc5 29. Qf2 Bxe3 30. Rxe3 Qxf2+ 31. Kxf2 d5 32. Kg1 Rxf7 33. Rd1 c6 34. exd5
Nxd5 35. Re5 Rfd7 36. bxc6 bxc6 37. g3 Kg7 38. Rc1 Re7 39. Rxe7+ Nxe7 40. Rc5
Rd3 41. Bc2 Rxg3+ 42. Kh2 Re3 43. Bd1 Rd3 44. Bg4 Rd5 45. Rc4 c5 46. Be6 Re5 47.
Bd7 Kf6 48. Kg3 Nf5+ 49. Kf4 g5+ 50. Kf3 Ke7 51. Bb5 Kd6 52. Rc1 Nd4+ 53. Kg4
Nxb5 54. axb5 Kc7 55. Kh5 Kb6 56. Rb1 Re6 57. Kg4 a4 58. Kf5 Re3 59. Kg4 Rb3 60.
Re1 a3 61. Re6+ Kxb5 62. Rxh6 a2 {White resigns} 0-1

[Event "Team 45 45 League T43"]
[Site "Internet Chess Club"]
[Date "2009.11.08"]
[Round "2"]
[White "Magagna"]
[Black "Karpyan"]
[Result "1/2-1/2"]
[WhiteElo "1807"]
[BlackElo "1818"]
[Opening "QGD semi-Slav"]
[ECO "D43"]
[Time "12:02:35"]
[TimeControl "2700+45"]

1. d4 d5 2. c4 c6 3. Nc3 e6 4. Nf3 Nf6 5. Bg5 h6 6. Bxf6 Qxf6 7. cxd5 exd5 8.
Qb3 Nd7 9. e3 g6 10. Bd3 Bg7 11. e4 dxe4 12. Nxe4 Qf4 13. O-O O-O 14. Rfe1 Nb6
15. Ned2 Be6 16. Bc4 Nxc4 17. Nxc4 b5 18. Qe3 Qxe3 19. Nxe3 Rfd8 20. Rac1 Bxd4
21. Nxd4 Rxd4 22. a3 Rc8 23. Rc5 a5 24. Rd1 Rxd1+ 25. Nxd1 Rd8 26. Ne3 Rd6 27.
h3 Rd2 28. Rc2 Rxc2 29. Nxc2 c5 30. b4 cxb4 31. axb4 axb4 32. Nxb4 Bc4 33. f4
Kf8 34. Kf2 Ke7 35. Ke3 Kd6 36. g4 g5 37. fxg5 hxg5 38. Ke4 Ke6 39. Nc2 Bd5+ 40.
Kd4 Bb3 41. Ne3 Kd6 42. Nf5+ Ke6 43. Ne3 f6 44. Ke4 Bc4 45. Kd4 Be2 46. Nf5 b4
47. Ng7+ Kd6 48. Nf5+ Ke6 49. Ng7+ Kf7 50. Nf5 b3 51. Kc3 Bf1 {Game drawn by
mutual agreement} 1/2-1/2

[Event "Team 45 45 League T43"]
[Site "Internet Chess Club"]
[Date "2009.11.08"]
[Round "2"]
[White "bondguy01"]
[Black "jacknor"]
[Result "1-0"]
[WhiteElo "1676"]
[BlackElo "1584"]
[Opening "English, 1...Nf6 (Anglo-Indian defense)"]
[ECO "A15"]
[Time "16:55:24"]
[TimeControl "2700+45"]

1. c4 Nf6 2. g3 g6 3. Bg2 Bg7 4. Nc3 O-O 5. d3 d6 6. Bg5 h6 7. Bd2 c6 8. e4 e5
9. Nge2 Bg4 10. h3 Bxe2 11. Qxe2 Nbd7 12. O-O a5 13. a3 Nc5 14. Rab1 Nb3 15. Be3
a4 16. f4 exf4 17. gxf4 Nh5 18. Qf2 f5 19. Rbd1 Qe7 20. exf5 gxf5 21. Bf3 Nf6
22. Kh1 Kh7 23. Rg1 Rg8 24. Rde1 Qf7 25. Qh4 Bh8 26. Bd1 Nc5 27. Bxc5 dxc5 28.
Qf2 Nd7 29. Rxg8 Bd4 30. Qxd4 Rxg8 31. Qf2 {Black resigns} 1-0

[Event "Team 45 45 League T43"]
[Site "Internet Chess Club"]
[Date "2009.11.08"]
[Round "2"]
[White "Ernie1"]
[Black "Lionskins"]
[Result "1-0"]
[WhiteElo "1594"]
[BlackElo "1676"]
[Opening "Queen's pawn game"]
[ECO "A46"]
[Time "21:00:49"]
[TimeControl "2700+45"]

1. d4 Nf6 2. Nf3 c6 3. Bf4 Na6 4. c4 e6 5. a3 Ne4 6. Nc3 Qa5 7. Qc2 d5 8. cxd5
cxd5 9. e3 Bd7 10. Bd3 Nb4 11. Qb1 Nxc3 12. axb4 Nxb1 13. bxa5 Bb4+ 14. Ke2 Nc3+
15. bxc3 Bxc3 16. Ra2 O-O 17. Ne5 Bc8 18. Rb1 f6 19. Nf3 Re8 20. Bb5 Rd8 21. Bc7
Rf8 22. Bd6 Rf7 23. Be8 Rf8 24. Bxf8 Kxf8 25. Bb5 e5 26. Rb3 a6 27. Bxa6 bxa6
28. Rxc3 e4 29. Nd2 Bd7 30. f3 Bb5+ 31. Kf2 f5 32. Rac2 Bd7 33. Rc7 Ke7 34. Nb3
Kd6 35. Rb7 Ba4 36. Rc3 Bc6 37. Rb6 Rc8 38. Rxa6 g5 39. Nc5 Rc7 40. Ne6 Kxe6 41.
Rcxc6+ Rxc6 42. Rxc6+ Kd7 43. Rc5 {Black resigns} 1-0

[Event "Team 45 45 League T43"]
[Site "Internet Chess Club"]
[Date "2009.11.09"]
[Round "2"]
[White "pebble767"]
[Black "chsrules88"]
[Result "1/2-1/2"]
[WhiteElo "2005"]
[BlackElo "2034"]
[Opening "QGD: Chigorin defense"]
[ECO "D07"]
[Time "20:30:10"]
[TimeControl "2700+45"]

1. d4 d5 2. c4 Nc6 3. Nc3 e5 4. cxd5 exd4 5. dxc6 dxc3 6. Qxd8+ Kxd8 7. cxb7
Bxb7 8. bxc3 Nf6 9. Bg5 Bd6 10. O-O-O Ke7 11. f3 Ba3+ 12. Kd2 Rhd8+ 13. Ke1 Bb2
14. Bd2 Bc6 15. c4 Rab8 16. Ba5 Rxd1+ 17. Kxd1 Bd4 18. Kc2 Rb2+ 19. Kd3 Bc5 20.
e4 Rxa2 21. Bxc7 a5 22. Ne2 a4 23. Nc3 Rf2 24. Be2 Rxg2 25. Nd5+ Nxd5 26. exd5
Bd7 27. Re1 Bb4 28. Bf1+ Bxe1 29. Bxg2 Bb4 {Game drawn by mutual agreement}
1/2-1/2

[Event "Team 45 45 League T43"]
[Site "Internet Chess Club"]
[Date "2009.11.08"]
[Round "2"]
[White "DeLaSalle"]
[Black "Chessrascal"]
[Result "1/2-1/2"]
[WhiteElo "1987"]
[BlackElo "2112"]
[Opening "Pirc: Byrne variation"]
[ECO "B07"]
[Time "14:00:16"]
[TimeControl "2700+45"]

1. d4 Nf6 2. Nc3 g6 3. e4 d6 4. Bg5 Bg7 5. e5 dxe5 6. dxe5 Qxd1+ 7. Rxd1 Nfd7 8.
Nd5 Bxe5 9. Nf3 Bd6 10. Bxe7 Bxe7 11. Nxc7+ Kd8 12. Nxa8 b6 13. Bc4 Bb7 14. Ne5
Kc8 15. Nxf7 Rf8 16. Nxb6+ axb6 17. O-O Kc7 18. Rfe1 Bc5 19. Re2 {Game drawn by
mutual agreement} 1/2-1/2

[Event "Team 45 45 League T43"]
[Site "Internet Chess Club"]
[Date "2009.11.04"]
[Round "2"]
[White "AronT"]
[Black "penguinmasta"]
[Result "1-0"]
[WhiteElo "1954"]
[BlackElo "1609"]
[Opening "Benoni: classical with ...Re8 and ...Na6"]
[ECO "A78"]
[Time "19:19:13"]
[TimeControl "2700+45"]

1. d4 Nf6 2. c4 c5 3. d5 e6 4. Nc3 exd5 5. cxd5 d6 6. e4 g6 7. Be2 Bg7 8. Nf3
O-O 9. O-O Re8 10. Nd2 Na6 11. Qc2 Nc7 12. a4 b6 13. Nc4 Ba6 14. Bg5 Qd7 15.
Rae1 Bxc4 16. Bxc4 a6 17. Qe2 b5 18. axb5 axb5 19. Bxf6 Bxf6 20. Bxb5 Nxb5 21.
Qxb5 Qg4 22. Qe2 Qxe2 23. Rxe2 Rab8 24. Rc1 Rb4 25. f3 Reb8 26. Rcc2 Bd4+ 27.
Kf1 Rb3 28. Ke1 Kg7 29. f4 f6 30. g4 g5 31. fxg5 fxg5 32. Kd1 Rf8 33. Kd2 Rf3
34. Rg2 Rh3 35. Kc1 Bxc3 36. bxc3 Rbxc3 37. Re2 Rxc2+ 38. Kxc2 Kf6 39. Kd2 Ke5
40. Re3 Rxh2+ 41. Kd3 Rh4 42. Rf3 Rh3 43. Rxh3 Kf4 44. Rxh7 c4+ 45. Kxc4 Kxe4
46. Rd7 Ke5 47. Re7+ Kf4 48. Re6 Kxg4 49. Rxd6 Kf4 50. Rd8 g4 51. Rg8 g3 52. d6
Kf3 53. d7 g2 54. d8=Q Kf2 55. Qf6+ Kg1 56. Rxg2+ Kxg2 57. Qf4 Kg1 58. Qf3 Kh2
59. Qg4 Kh1 60. Kd3 Kh2 61. Ke2 Kh1 62. Kf1 Kh2 63. Qg2# {Black checkmated} 1-0

[Event "Team 45 45 League T43"]
[Site "Internet Chess Club"]
[Date "2009.11.08"]
[Round "2"]
[White "eurander"]
[Black "vazir"]
[Result "1-0"]
[WhiteElo "2235"]
[BlackElo "1900"]
[Opening "QP counter-gambit (elephant gambit)"]
[ECO "C40"]
[Time "12:21:13"]
[TimeControl "2700+45"]

1. e4 e5 2. Nf3 d5 3. Nxe5 Bd6 4. d4 dxe4 5. Nc4 Nf6 6. Be2 O-O 7. Bg5 h6 8. Bh4
Re8 9. O-O Be6 10. Nxd6 cxd6 11. d5 Bf5 12. Na3 a6 13. Nc4 Nbd7 14. Nxd6 Re5 15.
c4 Qb6 16. Nxf5 Rxf5 17. Qd2 Ne5 18. Rac1 g5 19. Bg3 h5 20. c5 Qd8 21. d6 Ng6
22. h3 g4 23. h4 Nd5 24. Bc4 Ndf4 25. Rfe1 Nxg2 26. Kxg2 Nxh4+ 27. Bxh4 Qxh4 28.
Rxe4 Qh3+ 29. Kg1 h4 30. Bf1 Qf3 31. Bg2 {Black resigns} 1-0

[Event "Team 45 45 League T43"]
[Site "Internet Chess Club"]
[Date "2009.11.14"]
[Round "2"]
[White "vasek"]
[Black "pestka"]
[Result "0-1"]
[WhiteElo "1861"]
[BlackElo "2235"]
[Opening "Sicilian: Alapin's variation (2.c3)"]
[ECO "B22"]
[Time "00:03:49"]
[TimeControl "2700+45"]

1. e4 c5 2. c3 Nf6 3. e5 Nd5 4. d4 Nc6 5. Nf3 cxd4 6. Bc4 Nb6 7. Bb3 d6 8. exd6
Qxd6 9. O-O Be6 10. Bxe6 Qxe6 11. Nxd4 Nxd4 12. Qxd4 Rd8 13. Qh4 Qe2 14. Nd2 e6
15. Qg3 f6 16. a4 Kf7 17. Qc7+ Rd7 18. Qb8 a6 19. a5 Rg8 20. Qg3 Nc8 21. Qf3
Qxf3 22. Nxf3 Bc5 23. Bf4 Rgd8 24. b4 Ba7 25. h3 Ne7 26. Rfe1 Nd5 27. Bd2 Rc8
28. Rac1 Rc4 29. Kf1 Rdc7 30. Red1 Ke7 31. Be1 Nxb4 32. Rb1 Nd5 33. Rdc1 Kd7 34.
Nh2 Kc8 {White resigns} 0-1

[Event "Team 45 45 League T43"]
[Site "Internet Chess Club"]
[Date "2009.11.11"]
[Round "2"]
[White "awb"]
[Black "avila"]
[Result "0-1"]
[WhiteElo "1723"]
[BlackElo "1799"]
[Opening "French: Rubinstein variation"]
[ECO "C10"]
[Time "13:00:09"]
[TimeControl "2700+45"]

1. e4 e6 2. d4 d5 3. Nc3 dxe4 4. Nxe4 Nd7 5. Nf3 Ngf6 6. Bd3 Be7 7. Nxf6+ Nxf6
8. Qe2 O-O 9. Bg5 c5 10. dxc5 Qa5+ 11. c3 Qxc5 12. O-O-O a6 13. h4 Rd8 14. h5
Bd7 15. Bxf6 Bxf6 16. Qe4 Qf5 17. Qxf5 exf5 18. Rhe1 Be6 19. Kb1 b5 20. Ne5 f4
21. f3 Rac8 22. Bc2 Rxd1+ 23. Bxd1 b4 24. Bb3 bxc3 25. Bxe6 fxe6 26. Nd3 cxb2
27. Nxf4 Rc1+ 28. Rxc1 bxc1=R+ 29. Kxc1 Bg5 30. g3 Bxf4+ 31. gxf4 Kf7 32. Kd2 g6
33. h6 Kf6 34. a4 g5 35. Ke3 Kg6 36. fxg5 Kxg5 37. Ke4 Kxh6 38. f4 Kg6 39. Ke5
Kf7 40. f5 exf5 41. Kxf5 Ke7 42. Ke5 Kd7 43. Kd5 Kc7 44. a5 h5 45. Ke5 Kc6 46.
Kf5 Kb5 47. Kg5 Kxa5 48. Kxh5 Kb4 49. Kg4 a5 50. Kf3 Kc3 51. Ke2 Kc2 52. Ke3 a4
53. Ke4 a3 54. Kd4 a2 55. Kc4 a1=Q 56. Kb4 Qc3+ 57. Kb5 Qd4 58. Ka5 Qb2 59. Ka6
Qb4 60. Ka7 Qb5 61. Ka8 Kc3 62. Ka7 Kc4 63. Ka8 Kc5 64. Ka7 Kc6 {White resigns}
0-1

[Event "Team 45 45 League T43"]
[Site "Internet Chess Club"]
[Date "2009.11.10"]
[Round "2"]
[White "soccerisfun"]
[Black "vollmerj"]
[Result "1/2-1/2"]
[WhiteElo "1528"]
[BlackElo "1781"]
[Opening "Alekhine's defense"]
[ECO "B03"]
[Time "19:00:17"]
[TimeControl "2700+45"]

1. e4 Nf6 2. e5 Nd5 3. d4 d6 4. c4 Nb6 5. Nf3 dxe5 6. Nxe5 N8d7 7. Nc3 Nxe5 8.
dxe5 Qxd1+ 9. Kxd1 Be6 10. b3 O-O-O+ 11. Kc2 Bf5+ 12. Kb2 g6 13. Be3 Bg7 14. f4
f6 15. exf6 Bxf6 16. g3 Bd3 17. Bh3+ Kb8 18. Rhe1 e5 19. Bxb6 axb6 20. fxe5 Bg5
21. e6 Bf5 22. Bxf5 gxf5 23. h4 Rd2+ 24. Ka3 Be7+ 25. b4 Rd3 26. Kb3 Rxg3 27.
Rad1 Bf6 28. Rc1 Re8 29. h5 f4 30. Rc2 Re3 31. Rxe3 fxe3 32. Rg2 c6 33. b5 Rxe6
34. Ne2 Kc7 35. Kc2 cxb5 36. cxb5 Re5 37. Rg3 Rxb5 38. Rxe3 Rxh5 39. Ng3 Rh2+
40. Re2 Rxe2+ 41. Nxe2 h5 42. Nf4 Be5 43. Nxh5 Kc6 44. Kd3 Kb5 45. Ke4 Bb2 46.
Nf4 Ka4 47. Kd3 Ka3 48. Kc4 Kxa2 49. Nd5 Ka3 50. Nxb6 Bf6 51. Kb5 Kb3 52. Nd7
Bd8 53. Nc5+ Kc3 54. Nxb7 {Game drawn because neither player has mating
material} 1/2-1/2

[Event "Team 45 45 League T43"]
[Site "Internet Chess Club"]
[Date "2009.11.08"]
[Round "2"]
[White "Kolibri"]
[Black "eurander"]
[Result "0-1"]
[WhiteElo "2094"]
[BlackElo "2245"]
[Opening "Caro-Kann: classical variation"]
[ECO "B18"]
[Time "15:02:35"]
[TimeControl "2700+45"]

1. e4 c6 2. d4 d5 3. Nc3 dxe4 4. Nxe4 Bf5 5. Ng3 Bg6 6. Nf3 Nd7 7. Bd3 e6 8. O-O
Ngf6 9. c4 Bd6 10. Qe2 Bxd3 11. Qxd3 O-O 12. Ne4 Nxe4 13. Qxe4 Nf6 14. Qe2 c5
15. Rd1 Qc7 16. h3 Rac8 17. b3 cxd4 18. Nxd4 Bc5 19. Be3 Rcd8 20. Nc2 Qe5 21. b4
Bxe3 22. Nxe3 Ne4 23. Qc2 f5 24. Rac1 Rd4 25. Rxd4 Qxd4 26. Rd1 Qb6 27. a3 Rd8
28. c5 Qc7 29. Rxd8+ Qxd8 30. Qc4 Qf6 31. b5 Qa1+ 32. Kh2 Qe5+ 33. Kg1 Nxc5 34.
Nc2 Qd5 35. Qc3 h6 36. Ne3 Qd6 37. Qc4 Kh7 38. a4 Ne4 39. Qc2 Qd4 40. Qc4 Qd2
41. Qf1 Qa2 42. f3 Nc3 43. Qd3 Nd5 44. Nxd5 Qxd5 45. Qc2 Kg6 46. Kh2 Kf6 47. Kg1
Ke5 48. Qc7+ Kf6 49. Qc3+ e5 50. Qc2 Qd4+ 51. Kh2 e4 52. fxe4 fxe4 53. Qc8 e3
54. Qf8+ Ke6 55. Qc8+ Qd7 56. Qc4+ Qd5 57. Qg4+ Kd6 58. Qb4+ Kd7 59. Qg4+ Kd6
60. Qb4+ Ke5 61. Qe7+ Kd4 62. Kg1 Qe4 63. Qb4+ Kd5 64. Qb3+ Kc5 65. Qc3+ Kb6 66.
Qxg7 Qf4 67. Qg6+ Ka5 68. Qc2 b6 69. Qa2 Kb4 70. Qc2 Ka3 71. Kh1 Qf2 72. Qc3+
Kxa4 73. Qc4+ Ka5 74. Qb3 Qd2 75. Qa3+ Kxb5 76. Qb3+ Kc5 77. Qa3+ Kc6 78. Qa4+
b5 79. Qa6+ Kc5 80. Qxa7+ Kb4 81. Qe7+ Ka4 82. Qh4+ b4 83. Qxh6 Qd1+ 84. Kh2 e2
85. Qa6+ Kb3 86. Qe6+ Kb2 87. Qe5+ Ka2 88. Qe6+ b3 89. Qa6+ Kb1 90. Qg6+ Qc2 91.
Qe6 Qc7+ 92. Kg1 Qc1+ 93. Kh2 e1=Q 94. Qxb3+ Qb2 95. Qd3+ Kc1 96. Qc4+ Qbc3 97.
Qf4+ Kb1 98. Qf5+ Ka1 99. Qf4 Qee5 {White resigns} 0-1

[Event "Team 45 45 League T43"]
[Site "Internet Chess Club"]
[Date "2009.11.07"]
[Round "2"]
[White "NFork"]
[Black "Amauta"]
[Result "1-0"]
[WhiteElo "2212"]
[BlackElo "1901"]
[Opening "Petrov's defense"]
[ECO "C42"]
[Time "14:00:34"]
[TimeControl "2700+45"]

1. e4 e5 2. Nf3 Nf6 3. Nxe5 Qe7 4. Nf3 Nxe4 5. Be2 d5 6. O-O Be6 7. Re1 Qc5 8.
d4 Qb6 9. Bd3 Nd7 10. Bxe4 dxe4 11. Rxe4 O-O-O 12. c3 Nf6 13. Re1 h6 14. Nbd2
Bg4 15. Qb3 Qa5 16. Qxf7 Bh5 17. Qb3 Qf5 18. Qe6+ Qxe6 19. Rxe6 Bd6 20. Re1 Rde8
21. h3 Rxe1+ 22. Nxe1 Re8 23. Ndf3 c5 24. g4 Bf7 25. dxc5 Bxc5 26. Nd3 Bb6 27.
Nde5 Bd5 28. Be3 Bxe3 29. fxe3 Nd7 30. Nxd7 Bxf3 31. Kf2 Bc6 32. Nc5 b6 33. Nd3
Rf8+ 34. Ke2 Bf3+ 35. Kd2 Rd8 36. Kc2 Be4 37. Rd1 Rf8 38. Kb3 Rf3 39. Nf4 Rxe3
40. Ne6 Re2 41. Rd8+ Kb7 42. Nxg7 a5 43. Rd6 b5 44. Rxh6 Bc2+ 45. Ka3 Re3 46. b3
Rxc3 47. Nf5 Bxf5 48. gxf5 Rf3 49. f6 Rf2 50. b4 a4 51. h4 Kc7 52. Rg6 Kd6 53.
Rg5 Rf3+ 54. Kb2 a3+ 55. Kc2 Kc6 56. Rc5+ Kb6 57. Rc3 Rxf6 58. Kb3 Rh6 59. Rh3
Rh5 60. Kxa3 Ka6 61. Kb3 Kb6 62. a4 bxa4+ 63. Kxa4 Ka6 64. Kb3 Kb5 65. Kc3 Rh6
66. h5 Ra6 67. Rh4 Rh6 68. Kb3 Kb6 69. Kc4 Kc6 70. Kd4 Kd6 71. b5 Kc7 72. Kc5
Kb7 73. Kd5 Kb6 74. Ke5 Kxb5 75. Kf5 {Black resigns} 1-0

[Event "Team 45 45 League T43"]
[Site "Internet Chess Club"]
[Date "2009.11.05"]
[Round "2"]
[White "fledermaus"]
[Black "pentti63"]
[Result "0-1"]
[WhiteElo "2082"]
[BlackElo "2250"]
[Opening "Nimzo-Indian: classical variation"]
[ECO "E32"]
[Time "16:00:56"]
[TimeControl "2700+45"]

1. d4 Nf6 2. c4 e6 3. Nc3 Bb4 4. Qc2 O-O 5. a3 Bxc3+ 6. Qxc3 b6 7. Bg5 Bb7 8.
Nf3 d6 9. Nd2 Nbd7 10. f3 c5 11. e4 Rc8 12. Bd3 h6 13. Bh4 cxd4 14. Qxd4 Ne5 15.
Be2 Ng6 16. Bg3 e5 17. Qe3 Nh5 18. O-O Ngf4 19. Bf2 Qg5 20. g3 f5 21. Kh1 Nxe2
22. Qxe2 fxe4 23. fxe4 Nf6 24. Kg1 Qg6 25. Rae1 Rf7 26. Kg2 Nxe4 27. Nxe4 Rf4
28. Kg1 Rxe4 29. Qd3 Rcxc4 30. b3 Rc8 31. Be3 d5 32. Rc1 Rxc1 33. Rxc1 d4 34.
Rc7 dxe3 35. Rxb7 e2 36. Rxg7+ Kxg7 37. Qd7+ Qf7 {White resigns} 0-1

[Event "Team 45 45 League T43"]
[Site "Internet Chess Club"]
[Date "2009.11.11"]
[Round "2"]
[White "Gil-galad"]
[Black "baumhauer"]
[Result "1-0"]
[WhiteElo "2121"]
[BlackElo "1928"]
[Opening "Nimzo-Indian: classical variation"]
[ECO "E32"]
[Time "14:03:29"]
[TimeControl "2700+45"]

1. d4 Nf6 2. c4 e6 3. Nc3 Bb4 4. Qc2 O-O 5. a3 Bxc3+ 6. Qxc3 Ne4 7. Qc2 f5 8. e3
b6 9. Ne2 Bb7 10. f3 Nf6 11. Nc3 c5 12. d5 exd5 13. cxd5 Qe7 14. Bc4 Kh8 15. O-O
Ne8 16. Bd2 Nd6 17. Ba2 Na6 18. e4 fxe4 19. fxe4 Qe5 20. Rae1 b5 21. Bb1 b4 22.
Ne2 Nb5 23. Bf4 Qh5 24. Qc4 Nbc7 25. Bxc7 Nxc7 26. Qxc5 Rfc8 27. Qxb4 Rab8 28.
Qd6 Ba6 29. Ng3 Qg5 30. Rf2 Bb5 31. Qf4 Qxf4 32. Rxf4 Bc4 33. b4 Nb5 34. Nf5 g6
35. a4 gxf5 36. axb5 fxe4 37. Bxe4 Rg8 38. Ra1 Rxb5 39. Rxa7 Bxd5 40. Bxd5 Rxd5
41. g3 Rc8 42. Kg2 Rd2+ 43. Rf2 Rd4 44. Rb2 Rb8 45. b5 Rb6 46. Ra6 Rdd6 47. Rxb6
Rxb6 48. Kf3 Kg7 49. Ke4 Kf7 50. Kd5 d6 51. Kc4 Ke6 52. Ra2 d5+ 53. Kc5 Rb8 54.
Re2+ Kf6 55. b6 d4 56. Kc6 {Black resigns} 1-0

[Event "Team 45 45 League T43"]
[Site "Internet Chess Club"]
[Date "2009.11.06"]
[Round "2"]
[White "TimM"]
[Black "freestyle"]
[Result "1-0"]
[WhiteElo "2248"]
[BlackElo "2344"]
[Opening "Scandinavian: Pytel-Wade variation"]
[ECO "B01"]
[Time "20:00:19"]
[TimeControl "2700+45"]

1. e4 d5 2. exd5 Qxd5 3. Nc3 Qd6 4. d4 Nf6 5. Nf3 c6 6. g3 Bg4 7. Bg2 e6 8. Bf4
Qb4 9. Rb1 Nbd7 10. O-O Be7 11. Re1 O-O 12. a3 Qb6 13. h3 Bh5 14. Ne2 Rfe8 15.
c4 Bg6 16. c5 Qd8 17. Rc1 Nd5 18. Qd2 N7f6 19. Ne5 Be4 20. f3 Nxf4 21. Nxf4 Bd5
22. Ne2 Qc7 23. Qf4 Rad8 24. g4 Rf8 25. Ng6 Qd7 26. Nxf8 Bxf8 27. Qe3 Re8 28. b4
Qc7 29. Qe5 Qc8 30. Nc3 Be7 31. f4 Bxg2 32. Kxg2 Nd7 33. Qe3 Nf6 34. g5 Nh5 35.
Qf3 g6 36. Ne4 Qc7 37. Rf1 Rd8 38. Rcd1 Rd5 39. Ng3 Ng7 40. h4 Qb8 41. h5 Bd8
42. hxg6 hxg6 43. Rh1 Bc7 44. Rh4 Rd8 45. Rdh1 Kf8 46. d5 cxd5 47. Rh8+ Ke7 48.
Rxd8 Qxd8 49. Rh7 Qg8 50. Rh4 Qb8 51. Qc3 e5 52. fxe5 Bxe5 53. Qf3 Ne6 54. Rg4
Qc7 55. Ne2 Qc6 56. Nc3 Nc7 57. Rh4 d4 58. Qxc6 bxc6 59. Ne4 Ke6 60. Kf3 Nd5 61.
Rh7 Ne3 62. Nd6 Bxd6 63. cxd6 Nc4 64. d7 Ne5+ 65. Ke4 Nxd7 66. Kxd4 Ne5 67. Ke4
Nc4 68. Rh3 a5 69. bxa5 Nxa5 70. Rf3 c5 71. Rf6+ Ke7 72. Kd5 Nb3 73. Rb6 Nd4 74.
Rb7+ Ke8 75. Kxc5 Ne6+ 76. Kd6 Nxg5 77. Rb8# {Black checkmated} 1-0

[Event "Team 45 45 League T43"]
[Site "Internet Chess Club"]
[Date "2009.11.05"]
[Round "2"]
[White "egyptiantiger"]
[Black "Oops"]
[Result "1/2-1/2"]
[WhiteElo "2149"]
[BlackElo "2078"]
[Opening "QGD: semi-Slav, Marshall gambit"]
[ECO "D31"]
[Time "15:00:26"]
[TimeControl "2700+45"]

1. d4 d5 2. c4 e6 3. Nc3 c6 4. e4 dxe4 5. Nxe4 Bb4+ 6. Bd2 Qxd4 7. Bxb4 Qxe4+ 8.
Be2 Na6 9. Ba5 f6 10. Qd8+ Kf7 11. O-O-O e5 12. Bd3 Qxg2 13. Ne2 Qxf2 14. Rhf1
Qe3+ 15. Bd2 Qb6 16. Qd6 Qc5 17. Qd8 Qe7 18. Qa5 Nc5 19. Bc2 Be6 20. Qc3 Qc7 21.
Be3 Nd7 22. c5 Ne7 23. Rd6 Nd5 24. Qd2 Nxe3 25. Qxe3 b6 26. Rxe6 Kxe6 27. Nd4+
Ke7 28. Nf5+ Kd8 29. Nxg7 Kc8 30. Qh3 Kb7 31. Ne6 Qc8 32. Rd1 Nf8 33. Bf5 Nxe6
34. Bxe6 Qf8 35. Rd7+ Kb8 36. b4 h5 37. Qd3 b5 38. Rf7 Qd8 39. Rd7 Qf8 40. Kc2
a5 41. Qe4 Ra6 42. Rf7 Qd8 43. Rd7 Qf8 44. a3 axb4 45. axb4 Rg8 46. Qd3 Rh8 47.
Rf7 Qh6 48. Bf5 Qf4 49. Qd6+ Ka8 50. Rf8+ Rxf8 51. Qxf8+ Ka7 52. Qe7+ Ka8 53.
Qd8+ Ka7 54. Qc7+ Ka8 {Game drawn by mutual agreement} 1/2-1/2

[Event "Team 45 45 League T43"]
[Site "Internet Chess Club"]
[Date "2009.11.06"]
[Round "2"]
[White "Uragon-bocho"]
[Black "Pason"]
[Result "0-1"]
[WhiteElo "2023"]
[BlackElo "2130"]
[Opening "Sicilian: O'Kelly variation"]
[ECO "B28"]
[Time "11:16:15"]
[TimeControl "2700+45"]

1. e4 c5 2. Nf3 a6 3. d4 cxd4 4. Nxd4 Nf6 5. Nc3 e5 6. Nf5 d5 7. Ng3 d4 8. Nb1
Be6 9. Bd3 Nc6 10. a3 Bc5 11. O-O O-O 12. h3 Qd7 13. Bg5 Ne8 14. b4 Ba7 15. Qh5
f6 16. Bc1 Bf7 17. Qh4 Ne7 18. Nd2 Nd6 19. f4 Ng6 20. Qh5 Nxf4 21. Qf3 Rac8 22.
Nb1 Nxd3 23. cxd3 Rc2 24. Nd2 Rfc8 25. Qd1 R2c3 26. Qf3 Bb6 27. Kh1 Bd8 28. Rb1
Qb5 29. Nf5 Nxf5 30. Qxf5 Qc6 31. Bb2 Be6 32. Qf3 Rc2 33. Rbc1 Qd7 34. Nc4 Rxc1
35. Rxc1 b5 36. Nd2 Rxc1+ 37. Bxc1 Qc6 38. Qf1 a5 39. bxa5 Bxa5 40. Kg1 Qc2 41.
Nf3 Bb3 42. h4 h5 43. Nh2 Be6 44. Nf3 Ba2 45. Kh1 Bb1 46. Bd2 Bb6 47. Bb4 Qxd3
48. Qxd3 Bxd3 49. Nd2 Bc2 50. Kg1 Kf7 51. Kf1 Ke6 52. Ke2 f5 53. exf5+ Kxf5 54.
Be7 e4 55. Nf1 Bd3+ 56. Kf2 e3+ 57. Kg1 Bxf1 58. Kxf1 d3 59. Bg5 e2+ {White
resigns} 0-1